Map: Ruby Rock LE

Players

SCIInewby - Winner!

  • Race: Protoss Protoss
  • League: Master
  • Spawn Location: 5:00

GratysANM

  • Race: Terran Terran
  • League: Master
  • Spawn Location: 11:00

VOD

Have the link to the VOD?

Description

Time

  • Played on: Feb. 8, 2026, 2:33 p.m.
  • Length: 3:59
Show
View Real Time Build Order
Export as new Build Order

SCIInewby Protoss - Winner!

Build Orders:  

Get SALT Encoding   

  12  0:00  Probe  
  13  0:16  Probe  
  14  0:21  Pylon  
  14  0:28  Probe  
  15  0:40  Probe  
  15  0:41  Gateway  
  16  1:00  Probe  
  17  1:16  Probe  
  17  1:17  Gateway  
  17  1:23  Assimilator  
  17  1:24  Probe  
  17  1:25  Zealot  
  18  1:29  Pylon  
  19  1:33  Probe  
  22  1:45  Probe  
  23  2:11  Pylon  
  23  2:22  Zealot  
  23  2:24  Zealot  
  23  2:27  Nexus  
  27  2:32  Pylon  
  27  2:41  Zealot  
  27  2:51  Zealot  
  31  2:52  Cybernetics Core  
  31  3:05  Probe, Forge  
  32  3:14  Assimilator  
  32  3:17  Probe  
  32  3:19  Zealot  
  35  3:27  Zealot  
  35  3:29  Probe  
  38  3:35  Probe  
  38  3:37  Probe  
  40  3:43  Probe  
  40  3:45  Probe  
Show
View Real Time Build Order
Export as new Build Order

GratysANM Terran 

Build Orders:  

Get SALT Encoding   

  12  0:00  SCV  
  13  0:12  SCV  
  14  0:18  Supply Depot  
  14  0:24  SCV  
  15  0:40  SCV  
  16  0:43  Refinery x2  
  16  0:52  SCV  
  17  1:04  SCV  
  18  1:23  Barracks  
  18  1:24  Barracks  
  18  1:27  SCV  
  19  1:43  SCV  
  20  1:55  SCV  
  20  2:07  SCV  
  21  2:11  Marine  
  22  2:19  SCV  
  23  2:43  Supply Depot  
  23  2:46  Factory  
  23  3:04  SCV  
  23  3:16  SCV  
  24  3:23  Bunker  
  24  3:28  SCV  
  24  3:30  Command Center  
  24  3:31  Widow Mine  
  27  3:40  Starport  
Tags
 
Matchup
PvT
Replay Pack
Multiplayer
Spawn Locations
Cross Positions
Add a new tag
Caveats
  • Supply blocks, unpowered buildings, or Contaminate may cause inaccurate times.
  • Supply counts are checked every 10 seconds.